Map: Orbital Depot

Players

Loken - Winner!

  • Race: Zerg Zerg
  • League: Platinum
  • Spawn Location: 7:00

Myran - Winner!

  • Race: Protoss Protoss
  • Spawn Location: 9:00

dallaskuken - Winner!

  • Race: Protoss Protoss
  • League: Platinum
  • Spawn Location: 9:00

Nazgot

  • Race: Protoss Protoss
  • Spawn Location: 3:00

siZesTaR

  • Race: Protoss Protoss
  • Spawn Location: 3:00

Ares

  • Race: Terran Terran
  • League: Platinum
  • Spawn Location: 1:00

VOD

Have the link to the VOD?

Description

Time

  • Played on: April 6, 2017, 7:14 p.m.
  • Length: 15:13
Show
View Real Time Build Order
Export as new Build Order

Loken Zerg - Winner!

Build Orders: Pool First 

Get SALT Encoding   

  12  0:01  Drone  
  13  0:12  Overlord  
  13  0:15  Drone  
  14  0:34  Spawning Pool  
  13  0:50  Drone  
  13  0:54  Extractor  
  13  0:55  Drone  
  14  0:59  Drone, Extractor  
  14  1:03  Drone  
  15  1:17  Drone  
  16  1:18  Hatchery  
  16  1:23  Queen  
  16  1:24  Drone  
  18  1:36  Zergling x2  
  19  1:45  Zergling x2  
  20  2:12  Drone x2  
  22  2:24  Overlord  
  22  2:29  Queen  
  22  2:33  Queen  
  22  2:36  Drone  
  27  2:44  Zergling x2  
  27  2:45  Zergling x6  
  27  2:46  Metabolic Boost  
  31  3:01  Drone x2  
  31  3:04  Drone  
  34  3:12  Overlord x2  
  34  3:17  Zergling x4  
  36  3:31  Lair  
  36  3:46  Zergling x2  
  36  3:47  Zergling x14  
  44  4:20  Zergling x2  
  44  4:21  Zergling x10  
  49  4:42  Hatchery  
  49  4:45  Infestation Pit  
  47  5:01  Drone  
  47  5:02  Drone x4  
  47  5:04  Overlord  
  47  5:05  Overlord x3  
  52  5:13  Extractor x2  
  50  5:28  Spine Crawler  
  50  5:29  Spine Crawler  
  50  5:30  Spine Crawler, Drone, Zergling x2  
  50  5:31  Spine Crawler, Drone x3  
  51  5:50  Spore Crawler  
  51  5:53  Drone x3, Spore Crawler  
  51  5:54  Drone x3  
  40  6:36  Zergling x2  
  40  6:37  Zergling x30  
  34  7:20  Drone  
  34  7:21  Drone x14  
  47  7:58  Swarm Host  
  71  8:35  Hatchery  
  37  10:32  Drone x7  
  44  10:47  Hatchery  
  43  10:51  Burrow  
  43  10:52  Pneumatized Carapace  
  43  10:54  Hatchery  
  35  13:12  Drone x7  
  42  14:19  Drone x2  
  42  14:20  Drone  
  41  14:29  Overlord x3  
  41  14:30  Overlord x5  
  41  14:31  Overlord  
  34  14:43  Spore Crawler  
  34  14:45  Spore Crawler  
  31  14:48  Spine Crawler  
  31  14:49  Spine Crawler  
Show
View Real Time Build Order
Export as new Build Order

Myran Protoss - Winner!

Build Orders:  

Get SALT Encoding   

  12  0:02  Probe (Chrono Boost)  
  13  0:13  Probe (Chrono Boost)  
  14  0:23  Probe (Chrono Boost)  
  14  0:25  Pylon  
  15  0:43  Probe (Chrono Boost)  
  16  0:52  Forge  
  16  1:10  Probe (Chrono Boost)  
  17  1:14  Gateway  
  17  1:19  Assimilator  
  17  1:24  Pylon  
  17  1:39  Pylon  
  17  1:43  Photon Cannon  
  17  1:47  Photon Cannon  
  17  2:08  Zealot, Probe (Chrono Boost)  
  20  2:26  Probe (Chrono Boost)  
  20  2:30  Cybernetics Core  
  20  2:39  Pylon  
  20  2:40  Nexus  
  20  3:01  Zealot, Probe (Chrono Boost)  
  23  3:06  Assimilator  
  23  3:08  Warp Gate  
  23  3:12  Probe (Chrono Boost)  
  24  3:14  Gateway  
  24  3:30  Pylon  
  23  3:36  Probe (Chrono Boost)  
  24  3:45  Stalker  
  21  4:10  Stalker  
  22  4:36  Probe (Chrono Boost)  
  22  4:38  Stalker  
  25  4:40  Stalker  
  27  4:48  Nexus  
  27  4:59  Probe (Chrono Boost)  
  28  5:07  Stalker  
  28  5:09  Pylon  
  28  5:10  Stalker, Probe (Chrono Boost)  
  33  5:23  Protoss Ground Weapons Level 1  
  33  5:35  Twilight Council  
  33  5:38  Probe (Chrono Boost)  
  34  5:48  Probe (Chrono Boost)  
  35  6:03  Probe (Chrono Boost)  
  36  6:06  Stalker  
  36  6:07  Stalker  
  40  6:14  Probe (Chrono Boost)  
  41  6:24  Probe (Chrono Boost)  
  42  6:34  Nexus  
  42  6:35  Probe (Chrono Boost)  
  42  6:39  Probe (Chrono Boost)  
  44  6:45  Probe (Chrono Boost)  
  45  6:49  Blink  
  45  6:57  Stalker  
  45  6:59  Stalker  
  43  7:47  Probe (Chrono Boost)  
  43  7:49  Probe (Chrono Boost)  
  45  7:52  Stalker x2  
  45  7:58  Probe (Chrono Boost)  
  50  8:00  Probe (Chrono Boost)  
  50  8:03  Gateway  
  51  8:06  Gateway  
  51  8:07  Pylon  
  51  8:08  Probe (Chrono Boost)  
  51  8:10  Pylon, Probe (Chrono Boost)  
  53  8:19  Probe (Chrono Boost)  
  54  8:20  Stalker x2  
  54  8:21  Probe (Chrono Boost)  
  55  8:29  Probe (Chrono Boost)  
  56  8:40  Probe (Chrono Boost)  
  57  8:48  Stalker x2  
  61  8:50  Probe (Chrono Boost)  
  61  8:55  Probe (Chrono Boost)  
  63  9:01  Protoss Ground Weapons Level 2  
  63  9:03  Robotics Facility  
  63  9:06  Gateway  
  63  9:07  Gateway  
  63  9:10  Stalker x2  
  63  9:14  Forge  
  67  9:20  Pylon  
  67  9:21  Assimilator, Probe (Chrono Boost)  
  68  9:26  Assimilator  
  68  9:28  Probe (Chrono Boost)  
  69  9:31  Probe (Chrono Boost)  
  70  9:39  Pylon, Probe (Chrono Boost)  
  70  9:40  Stalker x3, Protoss Ground Armor Level 1  
  70  9:41  Pylon  
  70  9:42  Probe (Chrono Boost)  
  70  9:43  Stalker, Pylon  
  80  9:48  Pylon  
  80  9:52  Probe (Chrono Boost)  
  69  10:24  Stalker x3  
  69  10:25  Stalker x3  
  81  10:47  Stalker  
  81  10:48  Stalker x3  
  89  11:03  Protoss Shields Level 1  
  89  11:14  Protoss Ground Weapons Level 3  
  89  11:42  Nexus  
  89  11:46  Assimilator  
  89  11:49  Stalker x2  
  89  11:50  Stalker, Assimilator  
  95  12:05  Pylon  
  95  12:09  Stalker  
  95  12:10  Pylon  
  97  12:25  Stalker  
  97  12:26  Stalker x4  
  89  13:00  Stalker x3  
  89  13:01  Stalker x3  
  81  13:50  Probe (Chrono Boost)  
  81  13:52  Probe (Chrono Boost)  
  84  13:57  Probe (Chrono Boost)  
  85  14:02  Probe (Chrono Boost)  
  85  14:03  Probe (Chrono Boost)  
  86  14:13  Probe (Chrono Boost)  
  86  14:15  Probe (Chrono Boost)  
  85  14:24  Probe (Chrono Boost)  
  85  14:27  Probe (Chrono Boost)  
  85  14:31  Stalker x3  
  90  14:35  Probe (Chrono Boost)  
  94  14:39  Probe (Chrono Boost)  
  94  14:45  Probe (Chrono Boost)  
Show
View Real Time Build Order
Export as new Build Order

dallaskuken Protoss - Winner!

Build Orders: Oracle Opening 

Get SALT Encoding   

  12  0:01  Probe (Chrono Boost)  
  13  0:12  Probe (Chrono Boost)  
  14  0:22  Probe (Chrono Boost)  
  14  0:25  Pylon  
  15  0:36  Assimilator  
  15  0:43  Gateway  
  15  0:46  Probe (Chrono Boost)  
  16  1:02  Probe (Chrono Boost)  
  17  1:14  Probe (Chrono Boost)  
  18  1:24  Probe (Chrono Boost)  
  18  1:25  Assimilator  
  19  1:30  Cybernetics Core  
  19  1:32  Pylon  
  19  1:35  Probe (Chrono Boost)  
  20  1:49  Probe (Chrono Boost)  
  21  1:57  Pylon  
  21  2:00  Probe (Chrono Boost)  
  22  2:10  Probe (Chrono Boost)  
  23  2:17  Stargate  
  23  2:21  Probe (Chrono Boost)  
  24  2:31  Probe (Chrono Boost)  
  25  2:43  Probe (Chrono Boost)  
  26  2:50  Nexus  
  26  2:54  Mothership Core (Chrono Boost)  
  28  3:01  Oracle  
  31  3:21  Probe (Chrono Boost)  
  32  3:28  Pylon  
  32  3:30  Pylon  
  32  3:31  Probe (Chrono Boost)  
  32  3:32  Pylon  
  32  3:33  Pylon  
  25  4:40  Void Ray  
  25  4:44  Probe (Chrono Boost)  
  30  4:55  Probe (Chrono Boost)  
  32  5:00  Probe (Chrono Boost)  
  32  5:05  Probe (Chrono Boost)  
  33  5:10  Probe (Chrono Boost)  
  34  5:16  Probe (Chrono Boost)  
  34  5:18  Stargate  
  34  5:20  Stargate  
  35  5:23  Void Ray  
  35  5:27  Probe (Chrono Boost)  
  40  5:32  Assimilator  
  40  5:35  Assimilator  
  40  5:38  Probe (Chrono Boost)  
  41  5:45  Probe (Chrono Boost)  
  41  5:49  Probe (Chrono Boost)  
  43  5:55  Probe (Chrono Boost)  
  44  5:59  Probe (Chrono Boost)  
  45  6:05  Fleet Beacon  
  45  6:10  Probe (Chrono Boost)  
  46  6:20  Void Ray, Probe (Chrono Boost)  
  51  6:41  Void Ray  
  55  6:55  Carrier  
  61  7:38  Carrier  
  67  7:48  Carrier  
  57  8:41  Carrier  
  69  8:56  Nexus  
  69  9:00  Assimilator  
  69  9:02  Assimilator  
  69  9:05  Stargate  
  69  9:08  Stargate  
  69  9:19  Pylon  
  69  9:20  Pylon  
  69  9:22  Pylon  
  69  9:23  Pylon  
  69  9:24  Carrier  
  75  9:32  Probe (Chrono Boost)  
  76  9:42  Probe (Chrono Boost)  
  77  10:04  Carrier  
  77  10:05  Carrier  
  89  10:35  Carrier  
  95  10:41  Probe (Chrono Boost)  
  96  10:43  Probe (Chrono Boost)  
  97  10:51  Probe (Chrono Boost)  
  97  10:54  Probe (Chrono Boost)  
  99  11:02  Probe (Chrono Boost)  
  100  11:04  Probe (Chrono Boost)  
  101  11:12  Probe (Chrono Boost)  
  101  11:15  Probe (Chrono Boost)  
  103  11:23  Probe (Chrono Boost)  
  103  11:24  Carrier x2  
  117  11:25  Probe (Chrono Boost)  
  117  11:37  Carrier  
  123  11:42  Probe (Chrono Boost)  
  124  11:52  Probe (Chrono Boost)  
  125  11:54  Protoss Air Weapons Level 1  
  125  12:00  Forge  
  125  12:11  Carrier  
  131  12:26  Probe (Chrono Boost)  
  132  12:37  Probe (Chrono Boost)  
  133  13:13  Pylon  
  133  13:15  Pylon  
  133  13:18  Pylon  
  133  13:20  Pylon  
  133  13:31  Carrier, Probe (Chrono Boost)  
  161  14:27  Pylon  
  161  14:29  Pylon  
  161  14:30  Pylon  
  161  14:33  Pylon  
  161  14:34  Pylon  
Show
View Real Time Build Order
Export as new Build Order

Nazgot Protoss 

Build Orders:  

Get SALT Encoding   

  12  0:02  Probe (Chrono Boost)  
  13  0:13  Probe (Chrono Boost)  
  14  0:25  Pylon  
  14  0:27  Assimilator  
  14  0:29  Probe (Chrono Boost)  
  15  0:43  Probe (Chrono Boost)  
  16  0:52  Pylon  
  16  0:56  Probe (Chrono Boost)  
  16  0:57  Assimilator  
  17  1:11  Probe (Chrono Boost)  
  18  1:21  Probe (Chrono Boost)  
  19  1:37  Probe (Chrono Boost)  
  20  1:43  Gateway  
  20  1:47  Probe (Chrono Boost)  
  21  1:58  Probe (Chrono Boost)  
  22  2:42  Cybernetics Core  
  22  2:43  Gateway  
  22  2:46  Gateway  
  22  2:49  Forge  
  22  2:56  Pylon  
  22  3:00  Pylon  
  22  3:04  Zealot  
  24  3:07  Warp Gate  
  24  3:31  Zealot  
  26  3:36  Protoss Ground Weapons Level 1  
  26  3:40  Stalker  
  28  3:44  Stalker  
  30  3:48  Nexus  
  30  3:58  Zealot  
  21  4:40  Probe (Chrono Boost)  
  22  4:50  Probe (Chrono Boost)  
  23  4:53  Stalker  
  23  4:56  Stalker  
  23  4:57  Stalker  
  29  5:01  Probe (Chrono Boost)  
  30  5:07  Probe (Chrono Boost)  
  31  5:17  Probe (Chrono Boost)  
  31  5:18  Probe (Chrono Boost)  
  33  5:27  Probe (Chrono Boost)  
  35  5:28  Probe (Chrono Boost)  
  35  5:39  Probe x2 (Chrono Boost)  
  37  5:49  Assimilator, Probe x2 (Chrono Boost)  
  39  6:00  Probe (Chrono Boost)  
  40  6:05  Stargate  
  40  6:10  Probe (Chrono Boost)  
  40  6:11  Stargate  
  41  6:16  Probe (Chrono Boost)  
  42  6:21  Probe (Chrono Boost)  
  43  6:26  Probe (Chrono Boost)  
  43  6:27  Assimilator  
  43  6:32  Probe (Chrono Boost)  
  45  6:42  Probe (Chrono Boost)  
  46  7:19  Void Ray  
  46  7:20  Void Ray  
  38  7:55  Probe (Chrono Boost)  
  38  7:57  Void Ray x2  
  38  7:58  Probe (Chrono Boost)  
  49  8:07  Probe (Chrono Boost)  
  49  8:10  Probe (Chrono Boost)  
  49  8:12  Stalker x2  
  50  8:13  Stalker  
  50  8:19  Probe (Chrono Boost)  
  46  8:22  Probe (Chrono Boost)  
  43  8:34  Void Ray  
  43  8:40  Probe (Chrono Boost)  
  48  8:43  Probe (Chrono Boost)  
  48  8:44  Void Ray  
  49  8:53  Probe (Chrono Boost)  
  55  8:55  Probe (Chrono Boost)  
  55  9:05  Probe (Chrono Boost)  
  55  9:07  Probe (Chrono Boost)  
  58  9:17  Probe (Chrono Boost)  
  58  9:20  Probe (Chrono Boost)  
  59  9:29  Probe (Chrono Boost)  
  61  9:32  Probe (Chrono Boost)  
  32  10:28  Void Ray  
  28  10:33  Void Ray  
  36  11:05  Void Ray  
  40  11:16  Void Ray  
  44  11:45  Nexus  
  44  11:53  Stalker  
  46  12:00  Pylon  
  46  12:02  Pylon  
  46  12:05  Pylon  
  46  12:12  Void Ray  
  46  12:18  Void Ray  
  46  12:49  Void Ray  
  30  13:04  Void Ray  
Show
View Real Time Build Order
Export as new Build Order

siZesTaR Protoss 

Build Orders: Mass Adepts, Zealot Archon 

Get SALT Encoding   

  12  0:01  Probe (Chrono Boost)  
  13  0:12  Probe (Chrono Boost)  
  14  0:18  Pylon  
  14  0:23  Probe (Chrono Boost)  
  15  0:36  Probe (Chrono Boost)  
  15  0:40  Gateway  
  16  0:47  Probe (Chrono Boost)  
  17  0:51  Assimilator  
  17  0:57  Probe (Chrono Boost)  
  18  1:08  Assimilator, Probe (Chrono Boost)  
  19  1:18  Gateway, Probe (Chrono Boost)  
  20  1:29  Cybernetics Core  
  20  1:31  Probe (Chrono Boost)  
  21  1:41  Probe (Chrono Boost)  
  21  1:45  Pylon  
  22  1:52  Probe (Chrono Boost)  
  23  1:59  Warp Gate  
  23  2:03  Probe (Chrono Boost)  
  24  2:09  Adept x2  
  24  2:14  Probe (Chrono Boost)  
  29  2:21  Pylon  
  29  2:36  Adept  
  31  2:39  Adept  
  33  2:59  Nexus  
  33  3:02  Pylon  
  33  3:30  Twilight Council  
  33  3:32  Gateway  
  33  3:37  Robotics Facility  
  33  3:39  Probe (Chrono Boost)  
  35  4:03  Mothership Core (Chrono Boost)  
  33  4:13  Resonating Glaives  
  31  4:30  Probe (Chrono Boost)  
  28  4:35  Adept x3  
  28  4:37  Warp Prism  
  36  4:40  Pylon  
  36  4:49  Nexus  
  36  4:58  Adept x2  
  36  4:59  Adept  
  41  5:02  Probe (Chrono Boost)  
  42  5:19  Pylon  
  42  5:27  Adept x2  
  46  5:34  Pylon  
  46  5:38  Pylon  
  46  5:40  Nexus  
  46  5:47  Adept  
  46  5:48  Probe (Chrono Boost)  
  49  5:57  Templar Archives  
  49  6:00  Probe (Chrono Boost)  
  49  6:04  Pylon  
  50  6:13  Gateway  
  50  6:21  Gateway  
  44  6:33  Adept  
  44  6:37  Adept  
  39  7:03  Immortal  
  39  7:04  Probe (Chrono Boost)  
  38  7:11  Probe (Chrono Boost)  
  32  7:16  Probe (Chrono Boost)  
  32  7:22  Mothership Core (Chrono Boost)  
  34  7:26  Pylon  
  34  7:28  Probe (Chrono Boost)  
  34  7:31  High Templar x2  
  32  7:49  High Templar x2  
  35  7:54  Archon  
  35  7:55  Archon  
  35  7:57  Adept  
  36  8:07  High Templar  
  36  8:11  Zealot  
  40  8:17  High Templar  
  42  8:40  Archon  
  42  8:51  Adept x4  
  42  8:52  Adept  
  52  8:57  Observer  
  53  9:12  Adept x3  
  59  10:02  Nexus  
  59  10:13  High Templar x2  
  63  10:26  Pylon  
  63  10:29  Archon  
  63  10:47  Mothership Core (Chrono Boost)  
  65  10:50  Adept  
  63  11:07  Probe (Chrono Boost)  
  64  11:16  High Templar x2  
  65  11:19  Probe (Chrono Boost)  
  65  11:20  Probe (Chrono Boost)  
  65  11:23  Archon  
  66  11:31  Probe x2 (Chrono Boost)  
  60  11:52  Probe (Chrono Boost)  
  60  11:53  Forge  
  61  12:06  High Templar  
  63  12:09  High Templar  
  65  12:19  Archon  
  59  12:33  Adept  
  59  12:34  Adept x2  
  37  13:04  High Templar x5  
  45  13:16  Archon x2  
  34  13:44  High Templar x3  
  34  13:45  High Templar  
  38  13:59  Archon x2  
  38  14:06  Observer  
Show
View Real Time Build Order
Export as new Build Order

Ares Terran 

Build Orders: MMM Bio 

Get SALT Encoding   

  12  0:02  SCV  
  13  0:16  SCV  
  14  0:27  Supply Depot  
  14  0:28  SCV  
  15  0:34  Refinery  
  15  0:49  SCV  
  16  0:55  Barracks  
  16  1:01  SCV  
  17  1:10  Barracks  
  17  1:14  Barracks  
  17  1:18  SCV  
  18  1:30  SCV  
  19  1:48  Marine  
  19  1:49  Command Center  
  20  2:19  Orbital Command  
  20  2:32  Barracks Reactor x2, Barracks Tech Lab  
  20  2:39  Refinery  
  20  3:00  Engineering Bay  
  20  3:01  Factory  
  20  3:04  SCV  
  21  3:13  Supply Depot  
  21  3:16  SCV  
  22  3:24  SCV  
  23  3:27  Marauder  
  23  3:28  Marine x4  
  23  3:31  Stimpack  
  29  3:39  SCV  
  30  3:51  Refinery  
  30  3:56  Refinery  
  30  3:59  Marine x5  
  30  4:02  Planetary Fortress  
  35  4:16  Marine  
  35  4:17  Marine  
  37  4:29  Missile Turret, Supply Depot  
  37  4:33  Missile Turret  
  37  4:38  Factory Tech Lab  
  37  4:42  Starport  
  37  4:49  SCV  
  38  4:54  Missile Turret  
  38  4:59  Missile Turret  
  38  5:01  SCV  
  38  5:06  Missile Turret  
  39  5:12  SCV  
  39  5:14  SCV  
  41  5:20  Starport Reactor  
  41  5:21  Siege Tank  
  41  5:23  Marine x3  
  41  5:24  SCV  
  48  5:31  Combat Shields  
  48  5:33  Marine  
  48  5:34  Marauder  
  51  5:44  Supply Depot  
  51  5:47  Marine x3  
  54  6:00  Liberator x2, Marine x2  
  54  6:01  SCV  
  57  6:10  Supply Depot  
  57  6:13  SCV  
  57  6:15  Siege Tank  
  67  6:25  SCV  
  68  6:37  SCV  
  44  7:21  Marine  
  44  7:22  Marine x4  
  46  7:35  Armory  
  37  7:39  Marine x2  
  37  7:40  Marine x3  
  37  7:41  Viking x2  
  46  7:57  Marine x5  
  51  8:15  Marine x5  
  54  8:32  Marine  
  54  8:33  Marine x4  
  59  8:49  SCV  
  60  9:01  SCV  
  61  9:13  SCV  
  60  9:25  SCV  
  57  9:37  SCV  
  49  10:02  Viking x2  
  52  10:31  Marine x5  
  57  10:35  Thor  
  63  12:04  Command Center  
  63  12:23  Marine  
  63  12:24  Marine x2  
  63  12:25  Marine  
  63  12:26  Marine  
  60  12:41  Marine  
  60  12:42  Marine x2  
  60  12:43  Marine x2  
  47  12:59  Marine  
  48  13:05  Marine x2  
  48  13:06  Marine  
  47  13:48  Marine  
  47  13:49  Marine x4  
  51  14:02  Orbital Command  
  51  14:06  Marine  
  28  14:26  Command Center  
  28  14:28  Marine  
  29  14:40  Marine  
Tags
 
Add a new tag
Caveats
  • Supply blocks, unpowered buildings, or Contaminate may cause inaccurate times.
  • Supply counts are checked every 10 seconds.